 Dungeon Crawl Stone Soup version 0.21.1-1-g345015f (webtiles) character file.

819 Supreme the Digger (level 7, -2/39 HPs)
             Began as a Gargoyle Earth Elementalist on Mar 31, 2018.
             Was an Initiate of Vehumet.
             Slain by an orc
             ... wielding a +2 hand axe of distortion
              (15 damage)
             ... on level 5 of the Dungeon.
             The game lasted 01:12:24 (3130 turns).

Supreme the Digger (Gargoyle Earth Elementalist)    Turns: 3130, Time: 01:12:32

Health: -2/39      AC: 10    Str: 12    XL:     7   Next: 95%
Magic:  3/13       EV: 12    Int: 17    God:    Vehumet [......]
Gold:   191        SH:  0    Dex: 10    Spells: 5/14 levels left

rFire    . . .     SeeInvis .   S - -1 mace (curse)
rCold    . . .     Gourm    .   (no shield)
rNeg     + + .     Faith    .   y - +2 robe {rN+}
rPois    ∞         Spirit   .   (no helmet)
rElec    +         Reflect  .   N - +1 cloak
rCorr    .         Harm     .   (no gloves)
MR       .....                  (no boots)
Stlth    ++........             (no amulet)
HPRegen  0.13/turn              (no ring)
MPRegen  0.13/turn              (no ring)

@: about to teleport
A: negative energy resistance 1, electricity resistance, unbreathing,
petrification resistance, rot immunity, AC +4
a: Renounce Religion


You were on level 5 of the Dungeon.
You worshipped Vehumet.
Vehumet was noncommittal.
You were hungry.

You visited 2 branches of the dungeon, and saw 6 of its levels.

You collected 191 gold pieces.

Inventory:

Hand Weapons
 g - the +4 long sword of Cerr {drain, rC+ MP-9 Str+2 Dex+7, unknown}
   (You found it on level 4 of the Dungeon)

   A truly terrible weapon, it drains the life of those it strikes.
   It affects your strength (+2).
   It affects your dexterity (+7).
   It protects you from cold.
   It affects your magic capacity (-9).
 l - a +1 spear of flaming
 p - a +3 flail of draining
 L - a +1 mace of venom
 M - a +4 quarterstaff of chaos
 S - a cursed -1 mace (weapon)
Missiles
 b - 138 stones (quivered)
Armour
 v - a +0 robe of cold resistance
 y - a +2 robe of positive energy (worn)
 N - a +1 cloak (worn)
Jewellery
 h - an uncursed ring of stealth {unknown}
Wands
 f - a wand of polymorph (11)
 s - a wand of acid (8)
 X - a wand of scattershot (6)
Scrolls
 i - 2 scrolls of remove curse {unknown}
 j - a scroll of fear
 o - 2 scrolls of teleportation
 z - a scroll of enchant armour
 E - 2 scrolls of fog
 Z - a scroll of enchant weapon
Potions
 a - 2 potions of curing
 q - a potion of brilliance
 t - 2 potions of berserk rage
 u - 3 potions of invisibility {unknown}
 B - a potion of haste {unknown}
 C - 2 potions of mutation {unknown}
 W - a potion of flight {unknown}
 Y - 2 potions of heal wounds {unknown}
Books
 c - a book of Misfortune

   Spells                             Type                      Level
   a - Confusing Touch                Hexes                        1
   b - Confuse                        Hexes                        3
   c - Gell's Gravitas                Translocation                3
   d - Petrify                        Transmutation/Earth          4
   e - Metabolic Englaciation         Hexes/Ice                    5
   f - Yara's Violent Unravelling     Hexes/Transmutation          5
 e - a book of Geomancy

   Spells                             Type                      Level
   a - Sandblast                      Earth                        1
   b - Passwall                       Transmutation/Earth          2
   c - Stone Arrow                    Conjuration/Earth            3
   d - Petrify                        Transmutation/Earth          4
   e - Lee's Rapid Deconstruction     Earth                        5
Comestibles
 d - 10 rations


   Skills:
 + Level 1.8 Fighting
 + Level 2.3 Maces & Flails
 - Level 0.5 Polearms
 + Level 2.6 Dodging
 - Level 4.0 Stealth
 + Level 4.3 Spellcasting
 + Level 2.1 Conjurations
   Level 0.7 Transmutations
 + Level 6.4 Earth Magic
 + Level 1.2 Evocations


You had 5 spell levels left.
You knew the following spells:

 Your Spells              Type           Power        Failure   Level  Hunger
a - Sandblast             Erth           ####..       1%          1    None
b - Stone Arrow           Conj/Erth      ###...       8%          3    ###....
c - Lee's Rapid Deconstr  Erth           ####......   30%         5    ######.


Dungeon Overview and Level Annotations

Branches:
Dungeon (5/15)             Temple (1/1) D:4

Altars:
Cheibriados
Elyvilon
Kikubaaqudgha
Nemelex Xobeh
Okawaru
Qazlal
Uskayaw
Vehumet
Wu Jian
Xom
Yredelemnul
The Shining One


Innate Abilities, Weirdness & Mutations

You are resistant to torment.
Your stone body is resilient. (AC +4)
You are immune to poison.
You resist negative energy. (rN+)
You are resistant to electric shocks. (rElec)
You can survive without breathing.
You are immune to petrification.
You are immune to rotting.


Message History

i - 2 scrolls labeled ZEYZUA HETRITO (gained 1)
The rat closely misses you.
The orc hits you with a hand axe of distortion.
You feel strangely unstable.
The orc wizard gestures wildly while chanting.
The orc wizard blinks!
The jackal completely misses you. The rat bites you but does no damage.
The jackal barely misses you. The orc misses you. The jackal barely misses you.
Casting: Sandblast
Confirm with . or Enter, or press ? or * to list all spells.
Aiming: Sandblast
Press: ? - help, Shift-Dir - straight line, f - jackal
Aim: a jackal The blast of sand hits the jackal.
You kill the jackal!
Vehumet accepts your kill.
b - 138 stones The orc hits you with a hand axe of distortion.
Space warps horribly around you!
You die...

#...................#
##....##..........#
#..).........o....#
#.#.#(.######%........#
#......(.# #.........#
...o..###(# #o§.......#.
....o# #.## #oh.........#
.....####..###(o..........
..o........(((@hr#.#######
.....##.<..#######># ##.
###.....# #.# ####.... #.#
.##..#.# # . ..


You could see an orc wizard, 3 orcs, 2 jackals and a rat.

Vanquished Creatures
  Edmund (D:4)
  A centaur (D:5)
  2 ogres (D:4)
  An orc priest (D:4)
  A hound (D:4)
  A jelly (D:5)
  2 orc wizards (D:4)
  Crazy Yiuf (D:2)
  Jessica (D:2)
  Terence (D:2)
  3 worker ants
  A hound skeleton (D:4)
  4 adders
  A howler monkey skeleton (D:4)
  4 river rats (D:4)
  A shadow imp (D:4)
  A worm (D:2)
  A leopard gecko (D:1)
  7 orcs (D:4)
  8 bats
  3 giant cockroaches
  5 goblins
  3 hobgoblins
  A jackal (D:5)
  2 kobolds
  A quokka (D:2)
  A ball python (D:1)
  2 frilled lizards
  A jackal skeleton (D:4)
  24 rats
  A plant (D:2)
87 creatures vanquished.

Notes
Turn   | Place    | Note
-------+----------+-------------------------------------------
     0 | D:1      | Supreme the Gargoyle Earth Elementalist began the quest for the Orb.
     0 | D:1      | Reached XP level 1. HP: 10/10 MP: 3/3
   207 | D:1      | Reached skill level 4 in Earth Magic
   207 | D:1      | Reached XP level 2. HP: 15/15 MP: 3/5
   686 | D:2      | Reached XP level 3. HP: 19/19 MP: 4/6
   743 | D:2      | Learned a level 3 spell: Stone Arrow
   780 | D:2      | Found an ancient bone altar of Kikubaaqudgha.
   802 | D:2      | Noticed Jessica
   813 | D:2      | Killed Jessica
   813 | D:2      | Reached XP level 4. HP: 15/24 MP: 3/7
   932 | D:2      | Reached skill level 5 in Earth Magic
  1087 | D:2      | Noticed Terence
  1100 | D:2      | Killed Terence
  1222 | D:2      | Reached XP level 5. HP: 26/28 MP: 1/9
  1281 | D:2      | Found a runed door.
  1289 | D:2      | Noticed Crazy Yiuf
  1304 | D:2      | Killed Crazy Yiuf
  1304 | D:2      | Reached skill level 1 in Conjurations
  1772 | D:3      | Learned a level 5 spell: Lee's Rapid Deconstruction
  2049 | D:4      | Noticed Edmund
  2052 | D:4      | Killed Edmund
  2052 | D:4      | Reached XP level 6. HP: 33/33 MP: 9/11
  2208 | D:5      | Entered Level 5 of the Dungeon
  2264 | D:4      | Got an iridescent long sword
  2322 | D:4      | Reached skill level 6 in Earth Magic
  2322 | D:4      | Reached XP level 7. HP: 37/37 MP: 3/12
  2519 | D:4      | Reached skill level 1 in Maces & Flails
  2661 | D:4      | Reached skill level 1 in Fighting
  2688 | D:4      | Found a staircase to the Ecumenical Temple.
  2693 | Temple   | Entered the Ecumenical Temple
  2701 | Temple   | Became a worshipper of Vehumet
  2871 | D:4      | Reached skill level 1 in Evocations
  3130 | D:5      | Slain by an orc

Skill      XL: |  1  2  3  4  5  6  7 |
---------------+----------------------+-----
Earth Magic    | 4 5 6 |  6.4
Stealth        | 3 4 |  4.0
Conjurations   | 1 2 |  2.1
Dodging        | 2 |  2.6
Spellcasting   | 3 4 |  4.3
Maces & Flails | 2 |  2.3
Fighting       | 1 |  1.8
Evocations     | 1 |  1.2
Polearms       | |  0.5
Transmutations | |  0.7

Action                   |  1- 3 |  4- 6 |  7- 9 || total
-------------------------+-------+-------+-------++-------
Melee: Club              |    12 |       |       ||    12
       Spear             |    16 |    82 |       ||    98
       Mace              |       |    12 |    82 ||    94
 Cast: Sandblast         |    20 |    11 |     8 ||    39
       Stone Arrow       |       |    23 |    14 ||    37
Evoke: Wand              |       |     3 |     2 ||     5
  Use: Scroll            |       |    10 |       ||    10
 Stab: Sleeping          |     2 |     1 |       ||     3
  Eat: Chunk             |       |     8 |     3 ||    11
Armor: Robe              |    10 |    15 |    57 ||    82
Dodge: Dodged            |    23 |    28 |    85 ||   136
